 Dungeon Crawl Stone Soup version 0.30-a0-726-gd89dcf765f (webtiles) character file.

Game seed: 1305253169161707445

28 Bnni the Trooper (level 3, 29/29 HPs)
             Began as a Demonspawn Fighter on Jan 29, 2023.
             Quit the game on level 2 of the Dungeon.
             The game lasted 00:00:40 (414 turns).

Bnni the Trooper (Demonspawn Fighter)                Turns: 414, Time: 00:00:40

Health: 29/29      AC:  6    Str: 18    XL:     3   Next: 0%
Magic:  3/3        EV:  9    Int:  9    God:
Gold:   56         SH:  8    Dex: 12    Spells: 2/2 levels left

rFire   . . .      SeeInvis .    a - +0 trident
rCold   . . .      Faith    .    c - +0 buckler
rNeg    . . .      Spirit   .    b - +0 scale mail
rPois   .          Reflect  .    (no helmet)
rElec   .          Harm     .    (no cloak)
rCorr   .          Rampage  .    (no gloves)
Will    .....                    (no boots) Stlth
                                 (no amulet)
HPRegen 0.24/turn                (no ring)
MPRegen 0.08/turn                (no ring)

@: no status effects
A: hooves 1, condensation shield
a: no special abilities


You were on level 2 of the Dungeon.
You visited 1 branch of the dungeon, and saw 2 of its levels.

You collected 56 gold pieces.

Inventory:

Hand Weapons
 a - a +0 trident (weapon)
Armour
 b - a +0 scale mail (worn)
 c - a +0 buckler (worn)
Potions
 d - a potion of might


   Skills:
 + Level 3.2 Fighting
 * Level 2.4 Polearms
 - Level 2.6 Armour
 * Level 3.2 Shields


You had 2 spell levels left.
You didn't know any spells.
Your spell library was empty.

Dungeon Overview and Level Annotations

Branches:
Dungeon (1/15)

Altars:


Innate Abilities, Weirdness & Mutations

You have large cloven feet.
A meltable shield of frost defends you. (SH +4)


Message History

No target in view!
No target in view!
No target in view!
A ball python comes into view.
The ball python hisses angrily.
A ball python is nearby!
A ball python is nearby!
You hit the ball python.
You kill the ball python!
Found a club.
No target in view!
Found 7 stones.
A hobgoblin comes into view.
The hobgoblin shouts!
A hobgoblin is nearby!
A hobgoblin is nearby!
You reach to attack!
You puncture the hobgoblin!
You kill the hobgoblin!
No target in view!
e - a scroll labelled DEFUBY CUEQAT You see here a hobgoblin corpse.
No target in view!
A goblin comes into view. It is wielding a +0 club.
The goblin shouts!
A goblin is nearby!
A goblin is nearby!
You reach to attack!
You puncture the goblin!
You kill the goblin!
You have reached level 3!
Your experience leads to an increase in your attributes!
Increase (S)trength, (I)ntelligence, or (D)exterity?
You feel stronger. x2; Your demonic ancestry asserts itself...
Frost condenses into a shield before you.
Found a stone staircase leading down.
Are you sure you want to abandon this character and quit the game? (Confirm with "yes".)
Okay, then.
As you read the scroll labelled DEFUBY CUEQAT, it crumbles to dust.
It is a scroll of identify.
You don't currently have any unidentified items.
Are you sure you want to abandon this character and quit the game? (Confirm with "yes".)

##.## #.....#####.#
##.#.####..(..#
..###...†.....#
##.#.####.....# ##.##
#.....##### #.#
###.........# ###.#
########..# ....#
###########..###
#####
#........@.....#
######.########...#.#
#......# .#.....
###.###### ># #.##
.........# .# #
########.# .. .. ..


There were no monsters in sight!

Vanquished Creatures
  2 dart slugs (D:1)
  4 ball pythons
  2 bats (D:1)
  2 endoplasms
  2 hobgoblins
  4 jackals (D:1)
  A goblin (D:2)
  2 kobolds
  2 rats (D:1)
21 creatures vanquished.

Notes
Turn   | Place    | Note
-------+----------+-------------------------------------------
     0 | D:1      | Bnni the Demonspawn Fighter began the quest for the Orb.
     0 | D:1      | Reached XP level 1. HP: 18/18 MP: 1/1
   164 | D:1      | Gained mutation: You have large cloven feet. [demonic
                  | ancestry]
   164 | D:1      | Reached XP level 2. HP: 24/24 MP: 2/2
   303 | D:1      | You fall into a shaft and drop 1 floor!
   391 | D:2      | Gained mutation: A meltable shield of frost defends you.
                  | (SH +4) [demonic ancestry]
   391 | D:2      | Reached XP level 3. HP: 29/29 MP: 3/3
   414 | D:2      | Quit the game

Illustrated notes

Levels and vault maps discovered:
D:1:      minmay_arrival_hallway, layout_loops_ring, chequers_avenue
D:2:      layout_loops_ring, basic_altar

Skill      XL: |  1  2 |
---------------+-------+-----
Polearms       | 2 |  2.4
Shields        | 3 |  3.2
Fighting       | |  3.2
Armour         | |  2.6

Action                     || total
---------------------------++-------
  Melee: Trident           ||    58
         Kick              ||     7
    Use: Scroll            ||     1
 Armour: Scale mail        ||    26
  Dodge: Dodged            ||    32
  Block: Buckler           ||    11

Table legend: (Time is in decaauts)
 A = Elapsed time spent in this place.
 B = Non-inter-level travel time spent in this place.
 C = Inter-level travel time spent in this place.
 D = Time resting spent in this place.
 E = Time spent auto-exploring this place.
 F = Levels seen in this place.
 G = Mean time per level.
                   A        B        C        D        E       F      G
               +--------+--------+--------+--------+--------+-----+--------+
         Total |    427 |    427 |      0 |      0 |    300 |   2 |  213.5 |
       Dungeon |    427 |    427 |      0 |      0 |    300 |   2 |  213.5 |
               +--------+--------+--------+--------+--------+-----+--------+

Top non-repeatable levels by time:
     D:1: 316 daAuts
     D:2: 111 daAuts
